 Dungeon Crawl Stone Soup version 0.28.0-53-g5a82cb258f (webtiles) character file.

Game seed: 7384889308960667537

17826 dranuc9 the Destroyer (level 12, -1/61 HPs)
             Began as a Deep Elf Conjurer on July 10, 2022.
             Was a Believer of Vehumet.
             Slain by a hornet (6 damage)
             ... on level 4 of the Lair of Beasts on July 12, 2022.
             The game lasted 04:26:54 (19039 turns).

dranuc9 the Destroyer (Deep Elf Conjurer)          Turns: 19039, Time: 04:26:58

Health: -1/61      AC:  7    Str:  4    XL:     12   Next: 22%
Magic:  20/31      EV: 15    Int: 38    God:    Vehumet [**....]
Gold:   366        SH:  0    Dex: 19    Spells: 17/37 levels left

rFire   + . .      SeeInvis .   n - +4 dagger
rCold   . . .      Faith    .   (no shield)
rNeg    . . .      Spirit   .   H - +2 robe {rF+}
rPois   .          Reflect  .   (no helmet)
rElec   .          Harm     .   k - +0 cloak
rCorr   .          Rampage  .   q - +0 pair of gloves
Will    ++...                   c - +0 pair of boots
Stlth   +++++.....              x - amulet of regeneration
HPRegen 1.00/turn               g - +6 ring of intelligence
MPRegen 0.22/turn               s - ring of Immorality {Will+ Int+3 Dex+6}

@: slowed, very slow
A: no striking features
a: Renounce Religion


You were on level 4 of the Lair of Beasts.
You worshipped Vehumet.
Vehumet was pleased with you.
You visited 3 branches of the dungeon, and saw 14 of its levels.

You collected 756 gold pieces.
You spent 390 gold pieces at shops.

Inventory:

Hand Weapons
 f - a +2 short sword of draining
 m - a +1 vampiric dagger
 n - a +4 dagger (weapon)
 p - a +0 shortbow
 v - a +2 dagger of freezing
 y - a +0 dagger of holy wrath
 G - a +2 short sword of venom
 M - a +2 rapier of draining
Missiles
 d - 193 arrows
 o - 2 datura-tipped darts
 t - 5 poisoned darts
 D - 3 throwing nets
 J - a curare-tipped dart
Armour
 c - a +0 pair of boots (worn)
 e - an orb of mayhem
 k - a +0 cloak (worn)
 q - a +0 pair of gloves (worn)
 H - a +2 robe of fire resistance (worn)
Magical Staves
 a - a staff of death
 K - a staff of air
Jewellery
 g - a +6 ring of intelligence (left hand)
 l - a ring of ice
 s - a ring of Immorality (right hand) {Will+ Int+3 Dex+6}
   (You found it on level 5 of the Dungeon)

   [ring of dexterity]

   Int:       It affects your intelligence (+3).
   Dex:       It affects your dexterity (+6).
   Will:      It increases your willpower.
 w - a ring of ice
 x - an amulet of regeneration (around neck)
 I - a ring of magical power
Wands
 j - a wand of flame (4)
 r - a wand of mindburst (21)
 z - a wand of charming (7)
 F - a wand of paralysis (2)
 O - a wand of acid (2)
Scrolls
 h - 9 scrolls of identify
 B - 2 scrolls of immolation
 L - a scroll of amnesia {unknown}
Potions
 b - 2 potions of mutation
 i - a potion of cancellation
 u - 2 potions of attraction
 A - 3 potions of curing
 C - a potion of lignification
 E - 3 potions of magic
Miscellaneous
 N - a phantom mirror (inert)


   Skills:
 + Level 1.5 Fighting
 + Level 1.0 Short Blades
 + Level 4.2 Bows
 + Level 5.4 Dodging
 * Level 11.0 Stealth
 + Level 13.1 Spellcasting
 * Level 14.7 Conjurations
 + Level 7.7 Hexes
 + Level 0.5 Fire Magic
 + Level 2.3 Earth Magic
 + Level 1.1 Evocations


You had 17 spell levels left.
You knew the following spells:

 Your Spells              Type           Power      Damage    Failure   Level
a - Magic Dart            Conj           100%       1d8       0%          1
b - Searing Ray           Conj           100%       2d8       0%          2
c - Stone Arrow           Conj/Erth      100%       3d13      1%          3
d - Fulminant Prism       Conj/Hex       42%        3d20      1%          4
e - Scorch                Fire           58%        2d8       1%          2
f - Flame Wave            Conj/Fire      70%        2d13      1%          4
g - Iskenderun's Mystic   Conj/Tloc      69%        2d14      1%          4

Your spell library contained the following spells:

 Spells                   Type           Power      Damage    Failure   Level
 Inner Flame              Hex/Fire       54%        N/A       1%          3
 Sandblast                Erth           84%        2d18      1%          1
 Passwall                 Tmut/Erth      27%        N/A       1%          2
 Dazzling Flash           Conj/Hex       100%       N/A       1%          3
 Summon Cactus Giant      Summ           12%        N/A       92%         6


Dungeon Overview and Level Annotations

Branches:
Dungeon (9/15)             Temple (1/1) D:6            Lair (4/6) D:9
 Shoals (0/4) Lair:3       Spider (0/4) Lair:3
    Orc: D:9-12

Altars:
Ashenzari
Cheibriados
Dithmenos
Fedhas
Gozag
Hepliaklqana
Kikubaaqudgha
Makhleb
Nemelex Xobeh
Okawaru
Qazlal
Ru
Sif Muna
Trog
Uskayaw
Vehumet
Wu Jian
Xom
Yredelemnul
The Shining One

Shops:
D:4 (   D:9 *=

Annotations:
D:7 1 runed translucent door
D:8 1 runed translucent door, Agrostarius's ghost, novice MiFi


Message History

The elephant tramples your elephant but does no damage.
The elephant barely misses your elephant.
Your elephant barely misses the elephant.
Your elephant trunk-slaps the elephant but does no damage.
The elephant tramples your elephant!
Your elephant holds its ground!
The elephant trunk-slaps your elephant but does no damage.
The hornet stings you!
* * * LOW HITPOINT WARNING * * *
You feel yourself slow down.
Aiming: Paralyse
Press: ? - help, Q - select action, (/) - cycle Shift-Dir - straight line, f - hornet, p - elephant
Aim: a hornet (chance to affect: 42%)
The hornet resists with some effort.
The elephant tramples your elephant!
Your elephant holds its ground!
The elephant trunk-slaps your elephant.
Your elephant barely misses the elephant.
Your elephant trunk-slaps the elephant but does no damage.
The hornet misses you. The elephant tramples your elephant.
Your elephant holds its ground!
The elephant trunk-slaps your elephant but does no damage.
The hornet barely misses you.
Your elephant tramples the elephant!
The elephant holds its ground!
Your elephant trunk-slaps the elephant but does no damage.
The elephant tramples your elephant!
Your elephant holds its ground!
The elephant trunk-slaps your elephant.
The elephant tramples your elephant but does no damage.
The elephant trunk-slaps your elephant but does no damage.
Aiming: Paralyse
Press: ? - help, Q - select action, (/) - cycle Shift-Dir - straight line, f/p - hornet
Aim: a hornet (chance to affect: 42%)
The hornet resists with some effort.
You feel yourself speed up. The hornet stings you!
* * * LOW HITPOINT WARNING * * *
You feel yourself slow down.
Your elephant tramples the elephant!
The elephant stumbles backwards!
The elephant tramples your elephant!
Your elephant holds its ground!
The elephant trunk-slaps your elephant but does no damage.
The hornet stings you.
You die...

.. ##### ..
#...###. ##....#.
#(..... ..... #.y##
#@.# ####
#Y.###.#.##...
#.Y#..........
##Y#Y≈≈≈≈≈.....
#...≈≈≈≈≈≈≈....
#...≈≈≈≈≈≈≈≈.#.
##.≈≈≈≈≈≈≈≈≈≈.#
P#.#..≈≈≈≈≈≈≈≈≈≈..
.........≈.†≈≈≈≈..#


You could see 3 elephants, a hornet and a friendly elephant (summoned, drained).

Vanquished Creatures
  4 hydras
  A boulder beetle (Lair:2)
  A black mamba (Lair:2)
  2 cane toads
  4 kobold demonologists
  3 komodo dragons
  3 trolls (D:7)
  3 blink frogs (Lair:4)
  A shadow (D:6)
  2 jumping spiders (Lair:3)
  2 wraiths (D:7)
  4 culicivoras (Lair:3)
  A wyvern (Lair:2)
  16 yaks
  2 basilisks
  3 redbacks (Lair:3)
  4 steam dragons
  3 vampire mosquitoes
  8 water moccasins
  3 ice beasts
  2 orc warriors (D:7)
  3 black bears
  6 ogres
  A necrophage (D:4)
  4 wolves (Lair:2)
  A centaur (D:7)
  A phantom (D:7)
  3 kobold brigands
  6 bullfrogs
  2 gnoll sergeants
  A wyvern zombie (D:6)
  2 scorpions (D:6)
  A water moccasin skeleton (D:6)
  4 killer bees
  8 wights (D:7)
  3 howler monkeys
  A bullfrog zombie (D:5)
  3 hounds
  A jelly (D:4)
  7 orc priests
  4 centaur skeletons (D:7)
  3 gnoll shamans
  3 iguanas
  Ijyb (D:4)
  6 orc wizards
  A killer bee zombie (D:5)
  A hound zombie (D:5)
  A hound skeleton (D:4)
  16 gnolls
  7 adders
  A shadow imp (D:7)
  An ufetubus (D:4)
  3 worms
  A dart slug (D:5)
  30 orcs
  7 ball pythons
  4 endoplasms
  3 giant cockroaches
  6 goblins
  4 hobgoblins
  4 jackals (D:2)
  2 quokkas
  6 bats
  3 frilled lizards
  6 kobolds
  6 rats
260 creatures vanquished.

Vanquished Creatures (others)
  A water moccasin (D:8)
  218 fulminant prisms
  30 fungi
  38 plants
287 creatures vanquished.

Grand Total: 547 creatures vanquished

Notes
Turn   | Place    | Note
-------+----------+-------------------------------------------
     0 | D:1      | dranuc9 the Deep Elf Conjurer began the quest for the Orb.
     0 | D:1      | Reached XP level 1. HP: 10/10 MP: 6/6
   218 | D:1      | Reached XP level 2. HP: 15/15 MP: 6/8
   371 | D:1      | Reached skill level 5 in Conjurations
   408 | D:1      | Found a faded altar of an unknown god.
   844 | D:2      | Reached XP level 3. HP: 19/19 MP: 4/9
   847 | D:2      | Learned a level 2 spell: Searing Ray
  1819 | D:2      | Reached XP level 4. HP: 24/24 MP: 4/11
  1826 | D:2      | Reached skill level 6 in Conjurations
  2828 | D:3      | Identified the +3 ring mail of Autumn {rPois}
  2846 | D:3      | Found a basalt altar of Yredelemnul.
  2854 | D:3      | Found an ornate altar of the Wu Jian Council.
  2863 | D:3      | Found a hazy altar of Hepliaklqana.
  3144 | D:4      | Noticed a necrophage
  3244 | D:4      | Found Lerchagim's Weapon Shop.
  3255 | D:4      | Reached XP level 5. HP: 28/28 MP: 6/13
  3493 | D:4      | Learned a level 3 spell: Stone Arrow
  3498 | D:4      | Killed a necrophage
  3499 | D:4      | Reached skill level 5 in Spellcasting
  3499 | D:4      | Reached XP level 6. HP: 32/32 MP: 4/15
  3656 | D:4      | Reached skill level 7 in Conjurations
  3833 | D:4      | Noticed Ijyb
  3843 | D:4      | Killed Ijyb
  4013 | D:4      | Reached XP level 7. HP: 34/36 MP: 6/18
  4194 | D:5      | Entered Level 5 of the Dungeon
  4338 | D:5      | Identified a ring of Immorality {Will+ Int+3 Dex+6}
  4430 | D:5      | Reached skill level 1 in Bows
  4430 | D:5      | Reached skill level 8 in Conjurations
  5017 | D:5      | Reached XP level 8. HP: 27/42 MP: 8/20
  5664 | D:6      | Learned a level 4 spell: Fulminant Prism
  5667 | D:6      | Learned a level 2 spell: Scorch
  5672 | D:6      | Learned a level 4 spell: Flame Wave
  5749 | D:6      | Reached skill level 5 in Stealth
  5779 | D:6      | Reached skill level 1 in Fighting
  5917 | D:6      | Found a staircase to the Ecumenical Temple.
  5926 | Temple   | Entered the Ecumenical Temple
  5994 | Temple   | Became a worshipper of Vehumet
  6019 | D:6      | Found a stormy altar of Qazlal.
  6029 | D:6      | Reached skill level 9 in Conjurations
  6262 | D:6      | Reached skill level 1 in Short Blades
  6982 | D:7      | Reached XP level 9. HP: 41/47 MP: 19/23
  7178 | D:7      | Noticed a kobold demonologist
  7303 | D:7      | Noticed a troll
  7431 | D:7      | Noticed a sun demon
  7435 | D:7      | Noticed a rust devil
  7436 | D:7      | Killed a kobold demonologist
  7437 | D:7      | Reached skill level 10 in Conjurations
  7437 | D:7      | Reached skill level 1 in Hexes
  7460 | D:7      | Noticed a troll
  8422 | D:7      | Killed a troll
  8933 | D:7      | Reached skill level 11 in Conjurations
  9036 | D:7      | Killed a troll
  9104 | D:7      | Reached * piety under Vehumet
  9104 | D:7      | Offered knowledge of Shock by Vehumet.
  9532 | D:7      | Noticed a troll
  9560 | D:7      | Killed a troll
  9561 | D:7      | Reached XP level 10. HP: 52/52 MP: 16/25
 10413 | D:7      | Identified the +1 leather armour of Hiosk {rC++}
 10485 | D:7      | Reached skill level 10 in Spellcasting
 10785 | D:7      | Found a runed translucent door.
 11045 | D:8      | Found a runed translucent door.
 11067 | D:8      | Noticed Agrostarius's ghost (novice MiFi)
 11124 | D:8      | Identified the +7 trident "Vyquriv" {speed, rC+++}
 11252 | D:8      | Reached skill level 12 in Conjurations
 12110 | D:9      | Found a staircase to the Lair.
 12563 | D:9      | Found Vyridd's Jewellery Emporium.
 12577 | D:9      | Offered knowledge of Foxfire by Vehumet.
 12636 | D:9      | Found Liatipen's General Store.
 12685 | D:9      | Bought an amulet of regeneration for 390 gold pieces
 12718 | D:9      | Found an ancient bone altar of Kikubaaqudgha.
 12718 | D:9      | Found a shimmering blue altar of Sif Muna.
 12719 | D:9      | Reached ** piety under Vehumet
 12720 | D:9      | Reached skill level 5 in Dodging
 13112 | Lair:1   | Entered Level 1 of the Lair of Beasts
 13124 | Lair:1   | Reached skill level 5 in Hexes
 13125 | Lair:1   | Noticed a cane toad
 13134 | Lair:1   | Killed a cane toad
 13135 | Lair:1   | Reached XP level 11. HP: 48/56 MP: 12/28
 13366 | Lair:1   | Reached skill level 13 in Conjurations
 13517 | Lair:1   | Noticed an eight-headed hydra
 13529 | Lair:1   | Killed an eight-headed hydra
 14920 | Lair:2   | Noticed a four-headed hydra
 14931 | Lair:2   | Killed a four-headed hydra
 14960 | Lair:2   | Reached skill level 10 in Stealth
 15416 | Lair:2   | Noticed a boulder beetle
 15712 | Lair:2   | Learned a level 4 spell: Iskenderun's Mystic Blast
 15774 | Lair:2   | Offered knowledge of Inner Flame by Vehumet.
 16181 | Lair:2   | Killed a boulder beetle
 16182 | Lair:2   | Reached skill level 14 in Conjurations
 16932 | Lair:3   | Reached skill level 1 in Earth Magic
 17235 | Lair:3   | Noticed a seven-headed hydra
 17522 | Lair:3   | Noticed a seven-headed hydra
 17763 | Lair:3   | Found a staircase to the Shoals.
 18091 | Lair:3   | Killed a seven-headed hydra
 18092 | Lair:3   | Reached XP level 12. HP: 61/61 MP: 28/30
 18211 | Lair:3   | Found a hole to the Spider Nest.
 18257 | Lair:3   | Killed a seven-headed hydra
 18258 | Lair:3   | Reached skill level 1 in Evocations
 19039 | Lair:4   | Slain by a hornet

Illustrated notes

Levels and vault maps discovered:
D:1:      erik_arrival_triangle_small, layout_rooms,
          ebering_ecumenical_altar_webs, chequers_mini_garden
D:2:      cheibrodos_pilgrimage, layout_rooms
D:3:      layout_basic, minmay_overflow_temple_star_quad, serial_corexii_hall,
          corexii_hall_statues_deadend, corexii_hall_statues_x
D:4:      layout_basic, serial_shops, shop, uniq_ijyb
D:5:      layout_loops_cross
D:6:      layout_gridville, nicolae_qazlal_scattered_showers,
          minmay_temple_entry_statues
D:7:      minmay_the_grid_four_pointed_star
          [minmay_the_grid_triangle_9x9_descending_squares,
          minmay_the_grid_triangle_9x9_subtriangle,
          minmay_the_grid_triangle_9x9_warning,
          minmay_the_grid_triangle_9x9_sparse_checkered,
          minmay_the_grid_prize_four_corners], layout_gridville, serial_glass,
          glass_columns_b, glass_columns_a, serial_bayou_pond_e
D:8:      layout_loops_ring, ebering_ghost_funeral_grove
D:9:      layout_basic, gammafunk_temple_overflow_statue, lair_entry_dummy,
          serial_shops, shop, nicolae_shop_hallway_plus, nicolae_shop_trees
Temple:   nicolae_temple_great_sept
Lair:1:   layout_layer_cave, grunt_megastairs_5
Lair:2:   layout_loops_ring, columned_hall_lemuel
Lair:3:   layout_regular_city, shoals_dummy_entry,
          nicolae_spider_entry_tight_spaces, lemuel_fruit_tree
Lair:4:   layout_misc_corridors, cheibrodos_lair_caveside_slide,
          infiniplex_staircase_pool

Skill      XL: |  1  2  3  4  5  6  7  8  9 10 11 12 |
---------------+-------------------------------------+-----
Conjurations   | 5 6 7 8 9 11 12 14 | 14.7
Stealth        | 3 4 5 7 9 10 11 | 11.0
Spellcasting   | 4 5 6 7 8 9 11 12 13 | 13.1
Dodging        | 3 5 |  5.4
Bows           | 1 3 4 |  4.2
Fighting       | 1 |  1.5
Short Blades   | 1 |  1.0
Hexes          | 3 5 7 |  7.7
Earth Magic    | 1 2 |  2.3
Evocations     | 1 |  1.1
Fire Magic     | |  0.5

Action                   |  1- 3 |  4- 6 |  7- 9 | 10-12 || total
-------------------------+-------+-------+-------+-------++-------
Melee: Dagger            |       |     1 |    13 |    12 ||    26
       Short sword       |       |     2 |       |       ||     2
 Fire: Shortbow          |       |       |    24 |       ||    24
 Cast: Magic Dart        |    72 |    40 |    46 |    15 ||   173
       Searing Ray       |     5 |    19 |    55 |    17 ||    96
       Stone Arrow       |       |     2 |     2 |    27 ||    31
       Fulminant Prism   |       |       |    50 |   170 ||   220
       Flame Wave        |       |       |     2 |     4 ||     6
Evoke: Wand              |       |       |     3 |    13 ||    16
       Phantom mirror    |       |       |       |     1 ||     1
  Use: Scroll            |     6 |     3 |       |    14 ||    23
       Potion            |       |       |     2 |     5 ||     7
 Stab: Sleeping          |       |     1 |       |       ||     1
Armor: Robe              |     1 |     1 |     3 |    11 ||    16
Dodge: Dodged            |     9 |     4 |    32 |    49 ||    94
